 Dungeon Crawl Stone Soup version 0.30-a0-852-g08b95dd62f (webtiles) character file.

Game seed: 14793168504865913783

2716 cforsyth the Thaumaturge (level 9, -18/45 HPs)
             Began as a Deep Elf Earth Elementalist on Mar 5, 2023.
             Demolished by an orc warrior
             ... wielding a +0 war axe
              (21 damage)
             ... in a bailey.
             The game lasted 00:14:30 (7410 turns).

cforsyth the Thaumaturge (DEEE)                     Turns: 7410, Time: 00:14:30

Health: -18/45     AC:  4    Str: 11    XL:     9   Next: 39%
Magic:  14/27      EV: 12    Int: 27    God:
Gold:   175        SH:  0    Dex: 15    Spells: 28/32 levels left

rFire   . . .      SeeInvis .    (no weapon)
rCold   . . .      Faith    .    (no shield)
rNeg    . . .      Spirit   .    a - +0 robe
rPois   .          Reflect  .    y - +0 helmet of Agoraphobia {Int+2}
rElec   .          Rampage  .    (no cloak)
rCorr   .                        (no gloves)
Will    .....                    x - +0 pair of boots
Stlth   ++                       q - amulet of regeneration
HPRegen 1.07/turn                o - ring of flight
MPRegen 0.20/turn                w - +6 ring of strength

@: marked, flying
A: no striking features
a: no special abilities


You were in a bailey.
You visited 1 branch of the dungeon, and saw 7 of its levels.
You also visited: Sewer and Bailey.

You collected 310 gold pieces.
You spent 135 gold pieces at shops.

Inventory:

Missiles
 r - a throwing net
Armour
 a - a +0 robe (worn)
 j - a +1 helmet of see invisible
 x - a +0 pair of boots (worn)
 y - the +0 helmet of Agoraphobia (worn) {Int+2}
   (You took it off Robin on level 2 of the Dungeon)

   Int:       It affects your intelligence (+2).
Jewellery
 o - a ring of flight (left hand)
 q - an amulet of regeneration (around neck)
 w - a +6 ring of strength (right hand)
 F - the ring "Ythriu" {Ice +Blink rCorr Slay-5}
   (You found it on level 6 of the Dungeon)

   [ring of ice]

   It enhances your ice magic.
   Slay:      It affects your accuracy & damage with ranged weapons and melee
   (-5).
   rF:        It makes you vulnerable to fire.
   rC:        It protects you from cold.
   +Blink:    It lets you blink.
   rCorr:     It protects you from acid and corrosion.
Wands
 n - a wand of light (3)
 s - a wand of mindburst (23)
Scrolls
 d - a scroll of vulnerability
 g - 2 scrolls of teleportation
 h - a scroll of enchant armour
 u - a scroll of fear
 z - a scroll of brand weapon
 B - a scroll of amnesia
 E - a scroll of torment
Potions
 b - 2 potions of magic
 c - a potion of heal wounds
 e - 6 potions of curing
 f - 3 potions of mutation {unknown}
 i - 3 potions of brilliance
 k - 3 potions of flight
 l - 2 potions of cancellation
 m - a potion of attraction {unknown}
 p - 2 potions of berserk rage {unknown}
 v - 2 potions of might {unknown}
 C - a potion of lignification {unknown}
 D - a potion of invisibility
 G - a potion of ambrosia


   Skills:
 - Level 2.4 Dodging
 - Level 2.4 Stealth
 + Level 12.2 Spellcasting
 - Level 1.1 Transmutations
 + Level 10.5 Earth Magic


You had 28 spell levels left.
You knew the following spells:

 Your Spells              Type           Power      Damage    Failure   Level
a - Sandblast             Erth           100%       2d20      1%          1
b - Stone Arrow           Conj/Erth      90%        3d12      1%          3

Your spell library contained the following spells:

 Spells                   Type           Power      Damage    Failure   Level
 Passwall                 Tmut/Erth      40%        N/A       1%          2
 Freeze                   Ice            64%        1d7       3%          1
 Kiss of Death            Conj/Necr      64%        2d10      3%          1
 Animate Armour           Summ/Erth      90%        N/A       3%          4
 Petrify                  Tmut/Erth      48%        N/A       3%          4
 Cigotuvi's Dreadful Rot  Necr/Pois/Air  32%        N/A       5%          2
 Lesser Beckoning         Tloc           32%        N/A       5%          2
 Poisonous Vapours        Pois/Air       32%        N/A       5%          2
 Confusing Touch          Hex            16%        N/A       11%         3
 Frozen Ramparts          Ice            32%        1d5       11%         3
 Gell's Gravitas          Tloc           16%        N/A       11%         3
 Hailstorm                Conj/Ice       16%        3d6       11%         3
 Mephitic Cloud           Conj/Pois/Air  16%        N/A       11%         3
 Teleport Other           Tloc           16%        N/A       11%         3
 Dispel Undead            Necr           16%        3d10      34%         4
 Lehudib's Crystal Spear  Conj/Erth      22%        10d6      100%        8


Dungeon Overview and Level Annotations

Branches:
Dungeon (7/15)              Sewer (visited)          Bailey (1/1)
 Temple: D:4-7

Altars:
Gozag
Sif Muna

Shops:
D:5 *


Message History

Aim: an orc warrior, wielding a +0 war axe and wearing a +0 scale mail (70% to hit)
The stone arrow hits the orc warrior!
The orc warrior is moderately wounded.
The orc warrior barely misses you.
Casting: Stone Arrow (safe; 1% risk of failure)
Confirm with . or Enter, or press ? or * to list all spells.
Aiming: Stone Arrow (safe; 1% risk of failure)
Press: ? - help, Shift-Dir - straight line, f/p - orc warrior
Aim: an orc warrior, wielding a +0 war axe and wearing a +0 scale mail (moderately wounded, 70% to hit)
The stone arrow hits the orc warrior!
The orc warrior is severely wounded.
The orc knight roars a battlecry!
The orc warrior goes into a battle-frenzy!
The orc warrior hits you with a +0 war axe!
The goblin barely misses you.
The orc warrior attacks as you move away!
The orc warrior hits you with a +0 war axe!
The goblin attacks as you move away! The goblin closely misses you.
The orc knight roars a battlecry!
The orc warrior attacks as you move away!
The orc warrior hits you with a +0 war axe!
* * * LOW HITPOINT WARNING * * *
Things that are here:
2 boomerangs; a kobold corpse
Casting: Stone Arrow (safe; 1% risk of failure)
Confirm with . or Enter, or press ? or * to list all spells.
Aiming: Stone Arrow (safe; 1% risk of failure)
Press: ? - help, Shift-Dir - straight line, f/p - orc warrior
Aim: an orc warrior, wielding a +0 war axe and wearing a +0 scale mail (severely wounded, strong, 70% to hit)
The stone arrow misses the orc warrior.
The orc warrior hits you with a +0 war axe!
* * * LOW HITPOINT WARNING * * *
Casting: Stone Arrow (safe; 1% risk of failure)
Confirm with . or Enter, or press ? or * to list all spells.
Aiming: Stone Arrow (safe; 1% risk of failure)
Press: ? - help, Shift-Dir - straight line, f/p - orc warrior
Aim: an orc warrior, wielding a +0 war axe and wearing a +0 scale mail (severely wounded, strong, 70% to hit)
The stone arrow misses the orc warrior.
The orc warrior hits you with a +0 war axe!!
You die... ######### ##...#.|.# #.##..#... #############.######## ####..................... ##........og.#########.... ##........@#'## ##### #.....⌠....#g.# #o.# ##.......###..# gg.

#..# ###.....#('..####'####..+
######......###..o)..g..^...##
#≈≈≈≈≈≈≈≈(.(..#..####'####..#.
###≈≈≈≈≈≈≈)≈((####..o....####≈
###....)≈≈≈≈≈≈∩#..o!...#∩≈≈≈
##......~≈≈≈≈#########≈≈≈≈


You could see an orc warrior (strong) and a goblin.

Vanquished Creatures
  Sigmund (D:5)
  Menkaure (D:5)
  A sky beast (D:6)
  A black bear (D:5)
  2 ogres
  An ice beast (D:5)
  A centaur (D:6)
  3 phantoms
  2 kobold brigands (Sewer)
  A bullfrog (D:7)
  5 scorpions
  A gnoll sergeant (D:5)
  4 wights
  6 killer bees (D:7)
  3 hounds
  An orc priest (D:5)
  A jelly (D:6)
  Ijyb (D:5)
  3 orc wizards
  Natasha (thrice) (D:2)
  Robin (D:2)
  7 gnolls
  11 adders
  4 river rats
  A shadow imp (D:5)
  A white imp (D:6)
  4 worms
  3 dart slugs
  15 orcs
  13 ball pythons
  10 endoplasms
  4 giant cockroaches
  21 goblins
  13 hobgoblins
  5 jackals
  3 bats
  4 frilled lizards
  21 kobolds
  12 rats
195 creatures vanquished.

Notes
Turn   | Place    | Note
-------+----------+-------------------------------------------
     0 | D:1      | cforsyth the Deep Elf Earth Elementalist began the quest
                  | for the Orb.
     0 | D:1      | Reached XP level 1. HP: 10/10 MP: 6/6
   308 | D:1      | Reached XP level 2. HP: 15/15 MP: 5/8
   497 | D:1      | Found a faded altar of an unknown god.
  1014 | D:1      | Reached skill level 4 in Spellcasting
  1148 | D:2      | Reached XP level 3. HP: 19/19 MP: 8/10
  1460 | D:2      | Noticed Natasha
  1491 | D:2      | Killed Natasha
  1497 | D:2      | Learned a level 3 spell: Stone Arrow
  1512 | D:2      | Identified the +0 helmet of Agoraphobia {Int+2}
  1512 | D:2      | Noticed Robin
  1514 | D:2      | Reached XP level 4. HP: 23/24 MP: 10/12
  1684 | D:2      | Killed Robin
  1685 | D:2      | Reached skill level 5 in Spellcasting
  1868 | D:2      | Noticed Natasha
  1875 | D:2      | Killed Natasha
  2172 | D:2      | Noticed Natasha
  2174 | D:2      | Killed Natasha
  2175 | D:2      | Reached skill level 5 in Earth Magic
  2175 | D:2      | Reached XP level 5. HP: 23/28 MP: 9/14
  2912 | D:3      | Found a shimmering blue altar of Sif Muna.
  2957 | D:3      | Reached skill level 6 in Spellcasting
  3473 | D:3      | Reached XP level 6. HP: 7/32 MP: 12/17
  4293 | D:5      | Entered Level 5 of the Dungeon
  4328 | D:5      | Reached skill level 7 in Spellcasting
  4352 | D:5      | Noticed Menkaure
  4356 | D:5      | Killed Menkaure
  4357 | D:5      | Reached XP level 7. HP: 20/36 MP: 12/20
  4434 | D:5      | Reached skill level 8 in Spellcasting
  4462 | D:5      | Noticed Sigmund
  4467 | D:5      | Killed Sigmund
  4468 | D:5      | Reached skill level 9 in Spellcasting
  4468 | D:5      | Reached XP level 8. HP: 31/41 MP: 10/23
  4472 | D:5      | Noticed Ijyb
  4491 | D:5      | Killed Ijyb
  4641 | D:5      | Found Jorip's Assorted Antiques.
  4688 | D:5      | Found a glowing drain.
  4697 | Sewer    | Entered a sewer
  4956 | Sewer    | Reached skill level 10 in Spellcasting
  5529 | D:5      | Bought an amethyst potion for 27 gold pieces
  5529 | D:5      | Bought a cyan potion for 27 gold pieces
  5529 | D:5      | Bought a lumpy orange potion for 27 gold pieces
  5529 | D:5      | Bought 2 amethyst potions for 54 gold pieces
  5924 | D:6      | Reached skill level 11 in Spellcasting
  5934 | D:5      | Reached XP level 9. HP: 20/45 MP: 0/26
  6182 | D:6      | Identified the ring "Ythriu" {Ice +Blink rCorr Slay-5}
  6673 | D:6      | Reached skill level 10 in Earth Magic
  6945 | D:7      | Found an opulent altar of Gozag.
  7158 | D:7      | Reached skill level 12 in Spellcasting
  7196 | D:7      | Found a flagged portal.
  7205 | Bailey   | Entered a bailey
  7372 | Bailey   | Noticed an orc knight
  7409 | Bailey   | HP: 1/45 [orc warrior/+0 war axe (7)]
  7410 | Bailey   | Demolished by an orc warrior

Illustrated notes

Levels and vault maps discovered:
D:1:      psy_arrival_fountain, layout_basic,
          shapermc_ecumenical_altar_totnotflames, minmay_misc_feat_roman,
          st_stairs_3
D:2:      layout_basic, uniq_robin, uniq_natasha
D:3:      layout_basic, led_sif_book, grunt_decor_clamped, grunt_ministairs_10
D:4:      layout_basic
D:5:      layout_basic, serial_shops, shop, portal_sewer_entry_e,
          nicolae_goblin_pals, uniq_menkaure, uniq_sigmund
D:6:      nicolae_cairo_tiling_large, layout_basic,
          nicolae_elevator_lobby_asterisk
D:7:      layout_loops_corners, amcnicky_altar_gilded, tgw_xom,
          minmay_temple_entry_fiery, enter_bailey_8, grunt_ministairs_10
Bailey:   bailey_axe_4, bailey

Skill      XL: |  1  2  3  4  5  6  7  8  9 |
---------------+----------------------------+-----
Spellcasting   | 4 5 6 7 9 11 12 | 12.2
Earth Magic    | 4 5 6 7 9 10 | 10.5
Dodging        | |  2.4
Stealth        | |  2.4
Transmutations | |  1.1

Action                     |  1- 3 |  4- 6 |  7- 9 || total
---------------------------+-------+-------+-------++-------
  Melee: Unarmed           |       |       |     2 ||     2
   Cast: Sandblast         |    47 |    60 |   150 ||   257
         Stone Arrow       |       |    10 |    11 ||    21
    Use: Scroll            |       |     8 |    10 ||    18
         Potion            |       |       |     3 ||     3
 Armour: Robe              |     2 |     2 |    13 ||    17
  Dodge: Dodged            |    15 |    12 |    50 ||    77

Table legend: (Time is in decaauts)
 A = Elapsed time spent in this place.
 B = Non-inter-level travel time spent in this place.
 C = Inter-level travel time spent in this place.
 D = Time resting spent in this place.
 E = Time spent auto-exploring this place.
 F = Levels seen in this place.
 G = Mean time per level.
                   A        B        C        D        E       F      G
               +--------+--------+--------+--------+--------+-----+--------+
         Total |   7690 |   7369 |    321 |    773 |   4920 |   9 |  854.4 |
       Dungeon |   6542 |   6221 |    321 |    646 |   4149 |   7 |  934.6 |
         Sewer |    933 |    933 |      0 |    125 |    637 |   1 |  933.0 |
        Bailey |    214 |    214 |      0 |      2 |    133 |   1 |  214.0 |
               +--------+--------+--------+--------+--------+-----+--------+

Top non-repeatable levels by time:
     D:2: 1476 daAuts
     D:3: 1188 daAuts
     D:1: 1161 daAuts
   Sewer: 933 daAuts
     D:5: 926 daAuts
     D:6: 879 daAuts
     D:4: 536 daAuts
     D:7: 372 daAuts
  Bailey: 214 daAuts
